3A
COLUMBIA RIVER RATS @ ALAMEDA AIRMEN
05/19/2042
 
TOP OF THE 1ST
Columbia River Rats batting - Pitching for Alameda Airmen : RHP Borisav Gojkovic
Pitching: RHP Borisav Gojkovic
Batting: LHB Al Tanner 0-0: Ball
1-0: Called Strike
1-1: Foul Ball, location: 2F
1-2: Ball
2-2: Strikes out swinging
Batting: RHB Alonso Salgado 0-0: Swinging Strike
0-1: Bunt for hit to 2R - play at first, batter OUT! 2-3
Batting: LHB Juan Sapinoso 0-0: Ball
1-0: Swinging Strike
1-1: Ball
2-1: Called Strike
2-2: Foul Ball, location: 2F
2-2: Ball
3-2: Foul Ball, location: 2F
3-2: Strikes out swinging
Top of the 1st over - 0 runs, 0 hits, 0 errors, 0 left on base; Columbia 0 - Alameda 0
BOTTOM OF THE 1ST
Alameda Airmen batting - Pitching for Columbia River Rats : RHP Claudio Ortega
Pitching: RHP Claudio Ortega
Batting: RHB Sergio Estrada 0-0: Called Strike
0-1: Ball
1-1: Called Strike
1-2: Strikes out swinging, 2-3 out at first.
Batting: RHB Roberto Berganza 0-0: Ball
1-0: Called Strike
1-1: Ball
2-1: Ball
3-1: Base on Balls
Batting: LHB Xue-qin Chen 0-0: Called Strike
0-1: Swinging Strike
0-2: Ball
1-2: SINGLE (Groundball, 34D, EV 94.4 MPH)
Roberto Berganza to second
Runner from 2nd tries for 3rd, SAFE, throw by RF made to third
Batting: RHB Héctor Heredice 0-0: Called Strike
0-1: Called Strike
0-2: TRIPLE (Flyball, 9LD, EV 110.6 MPH)
Roberto Berganza scores
Xue-qin Chen scores
Batting: LHB Desi Liñares 0-0: Foul Ball, location: 2F
0-1: DOUBLE (Flyball, 8LXD, EV 105.6 MPH)
Héctor Heredice scores
Batting: RHB Reynold Jongenelen 0-0: Called Strike
0-1: Ball
1-1: Swinging Strike
1-2: Foul Ball, location: 2F
1-2: Foul Ball, location: 2F
1-2: Strikes out looking
Batting: RHB César Jiménez 0-0: Ball
1-0: Ball
2-0: Called Strike
2-1: Foul Ball, location: 2F
2-2: Ball
3-2: Strikes out swinging
Bottom of the 1st over - 3 runs, 3 hits, 0 errors, 1 left on base; Columbia 0 - Alameda 3
TOP OF THE 2ND
Columbia River Rats batting - Pitching for Alameda Airmen : RHP Borisav Gojkovic
Batting: RHB Guillermo Alemán 0-0: Called Strike
0-1: Ball
1-1: Ground out 3-1 (Groundball, 34, EV 91.2 MPH)
Batting: LHB Amani Marwan 0-0: Ball
1-0: Fly out, F8 (Flyball, 8LS, EV 94.4 MPH)
Batting: RHB Robinson Vargas 0-0: Ball
1-0: Swinging Strike
1-1: Foul Ball, location: 2F
1-2: Ball
2-2: Strikes out swinging
Top of the 2nd over - 0 runs, 0 hits, 0 errors, 0 left on base; Columbia 0 - Alameda 3
BOTTOM OF THE 2ND
Alameda Airmen batting - Pitching for Columbia River Rats : RHP Claudio Ortega
Batting: LHB Aubrey Curry 0-0: Ball
1-0: Called Strike
1-1: Called Strike
1-2: Strikes out looking
Batting: RHB Nelson Sánchez 0-0: Ball
1-0: Ball
2-0: Ball
3-0: Ground out 4-3 (Groundball, 4, EV 90.0 MPH)
Batting: RHB Sergio Estrada 0-0: Called Strike
0-1: Ball
1-1: Foul Ball, location: 2F
1-2: Strikes out swinging
Bottom of the 2nd over - 0 runs, 0 hits, 0 errors, 0 left on base; Columbia 0 - Alameda 3
TOP OF THE 3RD
Columbia River Rats batting - Pitching for Alameda Airmen : RHP Borisav Gojkovic
Batting: RHB Gregor Lennox 0-0: Fly out, F8 (Flyball, 8RD, EV 95.6 MPH)
Batting: RHB Michael Lindsey 0-0: Ball
1-0: Fly out, F8 (Flyball, 8LM, EV 80.0 MPH)
Batting: RHB Fernando Castro 0-0: Called Strike
0-1: Foul Ball, location: 2F
0-2: Ball
1-2: Fly out, F8 (Flyball, 8RD, EV 98.8 MPH)
Top of the 3rd over - 0 runs, 0 hits, 0 errors, 0 left on base; Columbia 0 - Alameda 3
BOTTOM OF THE 3RD
Alameda Airmen batting - Pitching for Columbia River Rats : RHP Claudio Ortega
Batting: RHB Roberto Berganza 0-0: Ball
1-0: Ball
2-0: Bunt for hit to 2R - play at first, batter safe!
Batting: LHB Xue-qin Chen 0-0: Ball
1-0: Ball
2-0: Fly out, F9 (Flyball, 89XD, EV 105.6 MPH)
Batting: RHB Héctor Heredice 0-0: Ball
1-0: Ball
2-0: Fly out, F8 (Flyball, 89S, EV 96.2 MPH)
Batting: LHB Desi Liñares 0-0: Ball
1-0: Called Strike
1-1: Called Strike
1-2: Strikes out looking
Bottom of the 3rd over - 0 runs, 1 hit, 0 errors, 1 left on base; Columbia 0 - Alameda 3
TOP OF THE 4TH
Columbia River Rats batting - Pitching for Alameda Airmen : RHP Borisav Gojkovic
Batting: LHB Al Tanner 0-0: Ground out 6-3 (Groundball, 56, EV 106.2 MPH)
Batting: RHB Alonso Salgado 0-0: Called Strike
0-1: Ball
1-1: Ball
2-1: Foul Ball, location: 2F
2-2: Strikes out swinging
Batting: LHB Juan Sapinoso 0-0: Called Strike
0-1: SINGLE (Groundball, 56S, EV 73.8 MPH) (infield hit)
Batting: RHB Guillermo Alemán 0-0: Called Strike
0-1: Swinging Strike
0-2: Foul Ball, location: 2F
0-2: Strikes out swinging
Top of the 4th over - 0 runs, 1 hit, 0 errors, 1 left on base; Columbia 0 - Alameda 3
BOTTOM OF THE 4TH
Alameda Airmen batting - Pitching for Columbia River Rats : RHP Claudio Ortega
Batting: RHB Reynold Jongenelen 0-0: SOLO HOME RUN (Flyball, 9D, EV 98.8 MPH), Distance : 342 ft
Batting: RHB César Jiménez 0-0: Called Strike
0-1: Called Strike
0-2: Strikes out looking
Batting: LHB Aubrey Curry 0-0: Ball
1-0: Fly out, F7 (Flyball, 7LM, EV 88.8 MPH)
Batting: RHB Nelson Sánchez 0-0: Called Strike
0-1: Swinging Strike
0-2: Strikes out swinging
Bottom of the 4th over - 1 run, 1 hit, 0 errors, 0 left on base; Columbia 0 - Alameda 4
TOP OF THE 5TH
Columbia River Rats batting - Pitching for Alameda Airmen : RHP Borisav Gojkovic
Batting: LHB Amani Marwan 0-0: Called Strike
0-1: Foul Ball, location: 2F
0-2: Ball
1-2: Foul Ball, location: 2F
1-2: Strikes out swinging
Batting: RHB Robinson Vargas 0-0: Ground out 4-3 (Groundball, 4, EV 91.2 MPH)
Batting: RHB Gregor Lennox 0-0: Ground out 1-3 (Groundball, 13S, EV 67.5 MPH)
Top of the 5th over - 0 runs, 0 hits, 0 errors, 0 left on base; Columbia 0 - Alameda 4
BOTTOM OF THE 5TH
Alameda Airmen batting - Pitching for Columbia River Rats : RHP Claudio Ortega
Batting: RHB Sergio Estrada 0-0: Called Strike
0-1: DOUBLE (Line Drive, 9LD, EV 113.1 MPH)
Batting: RHB Roberto Berganza 0-0: Ball
1-0: Ball
2-0: Swinging Strike
2-1: Fly out, F3 (Popup, 3F, EV 70.6 MPH)
Batting: LHB Xue-qin Chen 0-0: Called Strike
0-1: Foul Ball, location: 2F
0-2: Foul Ball, location: 2F
0-2: Ball
1-2: SINGLE (Line Drive, 8RS, EV 95.6 MPH)
Sergio Estrada to third
Batting: RHB Héctor Heredice 0-0: Fly out, F7 (Flyball, 7D, EV 79.4 MPH)
Runner from 3rd tags up, OUT at HOME! 7-2
Bottom of the 5th over - 0 runs, 2 hits, 0 errors, 1 left on base; Columbia 0 - Alameda 4
TOP OF THE 6TH
Columbia River Rats batting - Pitching for Alameda Airmen : RHP Borisav Gojkovic
Batting: RHB Michael Lindsey 0-0: Swinging Strike
0-1: Swinging Strike
0-2: Ball
1-2: Strikes out swinging
Batting: RHB Fernando Castro 0-0: Called Strike
0-1: Ball
1-1: Foul Ball, location: 2F
1-2: Fly out, F7 (Line Drive, 7, EV 95.6 MPH)
Batting: LHB Al Tanner 0-0: Ball
1-0: Swinging Strike
1-1: Ball
2-1: Ball
3-1: Foul Ball, location: 2F
3-2: Foul Ball, location: 2F
3-2: Fly out, F9 (Flyball, 89D, EV 105.0 MPH)
Top of the 6th over - 0 runs, 0 hits, 0 errors, 0 left on base; Columbia 0 - Alameda 4
BOTTOM OF THE 6TH
Alameda Airmen batting - Pitching for Columbia River Rats : RHP Claudio Ortega
Batting: LHB Desi Liñares 0-0: Ball
1-0: Called Strike
1-1: Ground out 4-3 (Groundball, 4, EV 85.0 MPH)
Batting: RHB Reynold Jongenelen 0-0: SINGLE (Groundball, 15S, EV 60.0 MPH) (infield hit)
Batting: RHB César Jiménez 0-0: Ball
1-0: Foul Ball, location: 2F
1-1: Ball
2-1: Ball
3-1: Foul Ball, location: 2F
3-2: Base on Balls
Reynold Jongenelen to second
Batting: LHB Aubrey Curry 0-0: Ball
1-0: Called Strike
1-1: Swinging Strike
1-2: Ball
2-2: Foul Ball, location: 2F
2-2: SINGLE (Flyball, 7LS, EV 96.2 MPH)
Reynold Jongenelen to third
César Jiménez to second
Runner from 3rd tries for Home, SAFE, throw by LF to home
Pitching: RHP Ramón Vázquez
Batting: RHB Nelson Sánchez 0-0: Ball
1-0: Ball
2-0: Foul Ball, location: 2F
2-1: Fielders Choice at 2nd, 1-6 (Groundball, 34S, EV 65.6 MPH)
César Jiménez to third
Batting: RHB Sergio Estrada 0-0: Ball
1-0: Fly out, F8 (Flyball, 89M, EV 86.9 MPH)
Bottom of the 6th over - 1 run, 2 hits, 0 errors, 2 left on base; Columbia 0 - Alameda 5
TOP OF THE 7TH
Columbia River Rats batting - Pitching for Alameda Airmen : RHP Borisav Gojkovic
Batting: RHB Alonso Salgado 0-0: Fly out, F7 (Flyball, 78XD, EV 86.2 MPH)
Batting: LHB Juan Sapinoso 0-0: Ball
1-0: SINGLE (Groundball, 4D, EV 97.5 MPH)
Batting: RHB Guillermo Alemán 0-0: Foul Ball, location: 2F
0-1: Swinging Strike
0-2: Foul Ball, location: 2F
0-2: Ball
1-2: Ball
Juan Sapinoso steals 2nd, throwing error, E2
Juan Sapinoso to third
2-2: Foul Ball, location: 2F
2-2: Strikes out swinging
Batting: LHB Amani Marwan 0-0: Called Strike
0-1: Swinging Strike
0-2: Foul Ball, location: 2F
0-2: Strikes out looking
Top of the 7th over - 0 runs, 1 hit, 1 error, 1 left on base; Columbia 0 - Alameda 5
BOTTOM OF THE 7TH
Alameda Airmen batting - Pitching for Columbia River Rats : RHP Ramón Vázquez
Batting: RHB Roberto Berganza 0-0: Ball
1-0: Ball
2-0: Ball
3-0: Called Strike
3-1: Foul Ball, location: 2F
3-2: Base on Balls
Batting: LHB Xue-qin Chen 0-0: Ball
1-0: Swinging Strike
1-1: Ball
2-1: Grounds into double play, 5-4-3 (Groundball, 56, EV 86.2 MPH)
Batting: RHB Héctor Heredice 0-0: Called Strike
0-1: Ball
1-1: Fly out, F6 (Flyball, 6MD, EV 93.8 MPH)
Bottom of the 7th over - 0 runs, 0 hits, 0 errors, 0 left on base; Columbia 0 - Alameda 5
TOP OF THE 8TH
Columbia River Rats batting - Pitching for Alameda Airmen : RHP Borisav Gojkovic
Batting: RHB Robinson Vargas 0-0: Foul Ball, location: 2F
0-1: Ball
1-1: Foul Ball, location: 2F
1-2: Ball
2-2: Ball
3-2: Base on Balls
Batting: RHB Gregor Lennox 0-0: Ball
1-0: Called Strike
1-1: Ball
2-1: Foul Ball, location: 2F
2-2: Foul Ball, location: 2F
2-2: Ball
3-2: Strikes out swinging
Pitching: LHP Bill Zimmerman
Batting: RHB Michael Lindsey 0-0: Ball
1-0: Ball
2-0: Fly out, F7 (Flyball, 7, EV 83.8 MPH)
Batting: RHB Fernando Castro 0-0: Ball
1-0: Ball
Wild Pitch!
Robinson Vargas to second
2-0: Ball
3-0: Called Strike
3-1: Foul Ball, location: 2F
3-2: Base on Balls
Batting: LHB Al Tanner 0-0: Ground out 4-3 (Groundball, 4, EV 78.8 MPH)
Top of the 8th over - 0 runs, 0 hits, 0 errors, 2 left on base; Columbia 0 - Alameda 5
BOTTOM OF THE 8TH
Alameda Airmen batting - Pitching for Columbia River Rats : RHP Ramón Vázquez
Batting: LHB Desi Liñares 0-0: Ball
1-0: Ground out 4-3 (Groundball, 4M, EV 106.9 MPH)
Batting: RHB Reynold Jongenelen 0-0: Ball
1-0: Swinging Strike
1-1: Swinging Strike
1-2: Foul Ball, location: 2F
1-2: Ball
2-2: Ball
3-2: DOUBLE (Line Drive, 89D, EV 108.8 MPH)
Batting: RHB César Jiménez 0-0: Ball
1-0: Ball
2-0: Called Strike
2-1: Called Strike
2-2: Foul Ball, location: 2F
2-2: Ball
3-2: Base on Balls
Batting: LHB Aubrey Curry 0-0: Fielders Choice at 2nd, 4-6 (Groundball, 4, EV 100.6 MPH)
Reynold Jongenelen to third
Batting: RHB Nelson Sánchez 0-0: Called Strike
0-1: SINGLE (Groundball, 3S, EV 82.5 MPH) (infield hit)
Reynold Jongenelen scores
Aubrey Curry to second
Batting: RHB Sergio Estrada 0-0: Called Strike
0-1: Foul Ball, location: 2F
0-2: Ball
1-2: Strikes out swinging
Bottom of the 8th over - 1 run, 2 hits, 0 errors, 2 left on base; Columbia 0 - Alameda 6
TOP OF THE 9TH
Columbia River Rats batting - Pitching for Alameda Airmen : LHP Bill Zimmerman
Batting: RHB Alonso Salgado 0-0: Called Strike
0-1: Ball
1-1: Swinging Strike
1-2: Foul Ball, location: 2F
1-2: Ball
2-2: Strikes out swinging
Batting: LHB Juan Sapinoso 0-0: Called Strike
0-1: Ball
1-1: Swinging Strike
1-2: Ball
2-2: Strikes out looking
Batting: RHB Guillermo Alemán 0-0: Called Strike
0-1: Ground out 6-3 (Groundball, 6MS, EV 90.6 MPH)
Top of the 9th over - 0 runs, 0 hits, 0 errors, 0 left on base; Columbia 0 - Alameda 6
Friday, March 26th, 2021 - OOTP Baseball 20.8 Build 74